General information
- name: BNet
- type: Ladder 1vs1/FFA
- host: Battle.net
- saver: OLDOLDgranny
map: TirisfalGlades
- players: 2
- length: 24:08
- speed: Fast
- version: 1.26 W3XP
- replay type: Public
» download(82 KB)
Players
team 1 (loser)
mexico-forze (
teal | 97 APM | 2347 actions | 24:07)
3 Archmage
2 Summon Water Elemental
1 Brilliance Aura
3 Mountain King
2 Storm Bolt
1 Bash
2 Paladin
1 Holy Light
1 Divine Shield
» actions
| Assign group hotkey | 19 | |
| Basic commands | 176 | |
| Build / train | 94 | |
| Enter build submenu | 33 | |
| Enter hero's abilities submenu | 8 | |
| Give item / drop item | 4 | |
| Remove unit from queue | 2 | |
| Right click | 997 | |
| Select / deselect | 350 | |
| Select group hotkey | 516 | |
| Use ability | 148 | |
2347 total
» units
| Peasant | 23 | |
| Footman | 11 | |
| Knight | 4 | |
| Mortar Team | 7 | |
| Dragonhawk Rider | 8 | |
53 total
» upgrades
» buildings
| Altar of Kings | 1 | |
| Barracks | 1 | |
| Farm | 14 | |
| Scout Tower | 4 | |
| Arcane Tower | 2 | |
| Keep | 3 | |
| Arcane Vault | 1 | |
| Lumber Mill | 1 | |
| Blacksmith | 1 | |
| Castle | 3 | |
| Arcane Sanctum | 1 | |
| Workshop | 1 | |
| Gryphon Aviary | 2 | |
35 total
» build order
00:09 Altar of Kings
00:17 Barracks
00:30 Farm
00:41 Farm
01:28 Scout Tower
01:58 Arcane Tower
01:58 Arcane Tower
02:02 Farm
03:22 Keep
03:22 Keep
03:26 Farm
03:38 Arcane Vault
03:51 Lumber Mill
04:28 Blacksmith
04:31 Farm
05:17 Scout Tower
05:58 Castle
05:58 Castle
05:59 Castle
08:39 Arcane Sanctum
09:41 Workshop
11:40 Farm
11:43 Farm
13:02 Farm
13:41 Gryphon Aviary
13:44 Farm
15:41 Gryphon Aviary
16:09 Farm
19:50 Farm
20:35 Farm
21:09 Farm
21:11 Farm
23:16 Scout Tower
23:20 Scout Tower
» items
| Potion of Healing | 1 | |
| Scroll of Regeneration | 4 | |
5 total
team 2 (winner)
OLDOLDgranny (
orange | 72 APM | 1747 actions | 24:08)
4 Goblin Tinker
2 Pocket Factory
2 Engineering Upgrade
» actions
| Assign group hotkey | 65 | |
| Basic commands | 41 | |
| Build / train | 114 | |
| ESC pressed | 4 | |
| Enter build submenu | 67 | |
| Enter hero's abilities submenu | 4 | |
| Give item / drop item | 3 | |
| Right click | 555 | |
| Select / deselect | 364 | |
| Select group hotkey | 384 | |
| Use ability | 146 | |
1747 total
» units
| Peasant | 31 | |
| Footman | 8 | |
| Mortar Team | 8 | |
| Dragonhawk Rider | 6 | |
53 total
» upgrades
| Masonry | 3 | |
| Gunpowder | 3 | |
| Fragmentation Shards | 1 | |
| Cloud | 1 | |
8 total
» buildings
| Barracks | 1 | |
| Farm | 13 | |
| Altar of Kings | 1 | |
| Scout Tower | 34 | |
| Town Hall | 2 | |
| Arcane Tower | 4 | |
| Lumber Mill | 3 | |
| Arcane Vault | 1 | |
| Blacksmith | 1 | |
| Keep | 2 | |
| Guard Tower | 16 | |
| Workshop | 4 | |
| Castle | 1 | |
| Gryphon Aviary | 2 | |
85 total
» build order
00:14 Barracks
00:33 Farm
00:51 Farm
01:06 Altar of Kings
01:37 Farm
02:27 Farm
02:56 Farm
03:17 Scout Tower
03:42 Town Hall
03:43 Scout Tower
03:48 Arcane Tower
04:09 Arcane Tower
04:10 Arcane Tower
05:14 Lumber Mill
05:20 Farm
05:29 Farm
05:59 Arcane Vault
06:16 Blacksmith
06:46 Scout Tower
06:47 Scout Tower
06:47 Scout Tower
06:47 Scout Tower
07:23 Keep
07:24 Guard Tower
07:58 Scout Tower
07:59 Scout Tower
08:02 Scout Tower
08:03 Scout Tower
08:05 Scout Tower
08:15 Scout Tower
08:15 Scout Tower
08:17 Scout Tower
08:18 Scout Tower
08:33 Guard Tower
08:37 Guard Tower
08:37 Guard Tower
09:47 Guard Tower
10:01 Workshop
10:04 Workshop
10:07 Workshop
10:21 Castle
10:46 Farm
10:47 Farm
10:56 Scout Tower
11:01 Scout Tower
11:04 Scout Tower
11:27 Guard Tower
12:04 Guard Tower
12:08 Guard Tower
13:00 Scout Tower
13:04 Scout Tower
13:41 Scout Tower
13:42 Scout Tower
13:46 Workshop
14:15 Guard Tower
14:35 Guard Tower
15:52 Guard Tower
15:58 Scout Tower
15:58 Scout Tower
15:59 Scout Tower
16:00 Scout Tower
16:03 Scout Tower
16:03 Scout Tower
16:07 Scout Tower
16:08 Scout Tower
16:33 Guard Tower
16:56 Gryphon Aviary
17:44 Gryphon Aviary
19:04 Farm
19:54 Town Hall
21:26 Guard Tower
21:30 Guard Tower
21:38 Keep
21:43 Scout Tower
21:45 Scout Tower
21:46 Scout Tower
21:46 Scout Tower
22:29 Guard Tower
22:30 Farm
22:37 Lumber Mill
22:40 Lumber Mill
23:05 Farm
23:06 Farm
» items
| Scroll of Regeneration | 2 | |
| Lesser Clarity Potion | 3 | |
| Boots of Speed | 1 | |
| Potion of Invisibility | 3 | |
| Staff of Teleportation | 1 | |
| Ivory Tower | 12 | |
| Scroll of Town Portal | 2 | |
24 total
Chat log
(00:16 / All) OLDOLDgranny: usa # 1
(00:22 / All) mexico-forze: will see
(18:28 / All) OLDOLDgranny: usa # 1
(20:28 / All) OLDOLDgranny: LOL
(23:27 / All) OLDOLDgranny: OWNED
(23:49 / All) OLDOLDgranny: usa # 1